 Dungeon Crawl Stone Soup version 0.31.0-12-g77e489cdc1 (webtiles) character file.

Game seed: 14875778695053068450

425 hawla the Firebug (level 6, -2/33 (34) HPs)
             Began as a Deep Elf Fire Elementalist on Feb 17, 2024.
             Slain by a wight
             ... wielding a +2 morningstar
              (15 damage)
             ... on level 4 of the Dungeon.
             The game lasted 00:05:42 (2607 turns).

hawla the Firebug (Deep Elf Fire Elementalist)      Turns: 2607, Time: 00:05:42

HP:   -2/33 (34)    AC:  4    Str:  5    XL:     6   Next: 64%
MP:   14/14         EV: 13    Int: 22    God:
Gold: 583           SH:  0    Dex: 15    Spells: 12/13 levels left

rFire   . . .        f - +2 dagger (venom)
rCold   . . .        m - orb {light}
rNeg    . . .        a - +0 robe
rPois   .            (no helmet)
rElec   .            (no cloak)
rCorr   .            j - +0 pair of gloves
SInv    .            d - +0 pair of boots
Will    +....        (no amulet)
Stlth   +            e - +4 ring of slaying
HPRegen 0.25/turn    h - ring of willpower
MPRegen 0.14/turn

%: no passive effects
@: glowing, lightly drained
A: no striking features
a: no special abilities


You were on level 4 of the Dungeon.
You visited 1 branch of the dungeon, and saw 4 of its levels.

You collected 583 gold pieces.

Inventory:

Hand Weapons
 f - a +2 dagger of venom (weapon)
 o - a +6 dagger
Armour
 a - a +0 robe (worn)
 d - a +0 pair of boots (worn)
 j - a +0 pair of gloves (worn)
 m - an orb of light (worn)
Jewellery
 e - a +4 ring of slaying (left hand)
 h - a ring of willpower (right hand)
 k - a ring of resist corrosion
 l - a ring of fire
Wands
 q - a wand of iceblast (3)
 r - a wand of polymorph (3)
Potions
 b - a potion of magic
 c - a potion of heal wounds {unknown}
 g - 2 potions of mutation {unknown}
 i - 2 potions of curing
 s - 2 potions of ambrosia {unknown}
 u - a potion of haste {unknown}


   Skills:
 - Level 1.0 Fighting
 + Level 4.0 Dodging
 - Level 4.0 Stealth
 - Level 4.0 Spellcasting
 - Level 3.0 Conjurations
 - Level 6.0 Fire Magic


You had 12 spell levels left.
You knew the following spells:

 Your Spells              Type           Power      Damage    Failure   Level
a - Foxfire               Conj/Fire      96%        2x1d8     1%          1

Your spell library contained the following spells:

 Spells                   Type           Power      Damage    Failure   Level
 Scorch                   Fire           60%        2d7       1%          2
 Inner Flame              Hex/Fire       17%        N/A       10%         3
 Volatile Blastmotes      Fire/Tloc      34%        2d12      10%         3
 Flame Wave               Conj/Fire      24%        2d8       17%         4
 Call Canine Familiar     Summ           4%         N/A       32%         3
 Sigil of Binding         Hex            4%         N/A       32%         3
 Dimensional Bullseye     Hex/Tloc       2%         N/A       73%         4


Dungeon Overview and Level Annotations

Branches:
Dungeon (4/15)
 Temple: D:4-7

Altars:


Message History

Found a grey potion.
A jelly is nearby!
A jelly is nearby!
You see here a grey potion.
The helpless jelly fails to defend itself.
You impale the jelly!!
You kill the jelly!
Your Dodging skill increases to level 4!
No target in view!
No target in view!
i - 3 grey potions (gained 1)
You open the door.
There is an open door here.
Found a robe.
A wight comes into view. It is wielding a +0 falchion.
A wight is nearby!
A wight is nearby! 3 wights come into view.
Found a falchion.
The wight hits you with a +0 falchion!
You feel drained.
You hit the wight.
The wight is lightly damaged.
You hit the wight.
The wight is moderately damaged.
The wight closely misses you. The wight hits you with a +0 falchion.
You hit the wight.
The wight is heavily damaged.
The wight hits you with a +0 dire flail.
The wight barely misses you. The wight hits you but does no damage.
You hit the wight.
The wight is heavily damaged.
The wight hits you with a +2 morningstar!
* * * LOW HITPOINT WARNING * * *
The wight misses you. The wight barely misses you. x2
You are too injured to fight recklessly!
Unknown command.
You aren't carrying any scrolls.
It was a potion of curing.
You feel better.
The wight hits you with a +2 morningstar!
You die...

*,*
*********>,,,,,,,,,,
*,*
*,,,,,,,,,*,****,,,,
*,****,#####**,*,*
*,,,,
*,,,,,,..).#****,*
*,,,,
******,#...,,,,,,*
***** *,#..#*******
*,#z.# #,#zz#
#.#@z#####
#.#......#
#........#
###.[....# #......#
#......# #......#
#.###### #.# ##


You could see 4 wights.

Vanquished Creatures
  Sigmund (D:3)
  A bombardier beetle (D:3)
  A jelly (D:4)
  Ijyb (D:3)
  Natasha (thrice) (D:3)
  4 adders (D:2)
  A dart slug (D:1)
  3 orcs (D:3)
  8 bats
  4 endoplasms
  4 giant cockroaches
  3 goblins
  3 hobgoblins
  2 jackals (D:2)
  10 kobolds
  7 quokkas
  5 ball pythons
  5 frilled lizards
  7 rats
73 creatures vanquished.

Vanquished Creatures (others)
  37 foxfires (D:1)
37 creatures vanquished.

Grand Total: 110 creatures vanquished

Notes
Turn   | Place    | Note
-------+----------+-------------------------------------------
     0 | D:1      | hawla the Deep Elf Fire Elementalist began the quest for
                  | the Orb.
     0 | D:1      | Reached XP level 1. HP: 10/10 MP: 6/6
   113 | D:1      | Reached skill level 1 in Fighting
   153 | D:1      | Reached XP level 2. HP: 16/16 MP: 2/8
   826 | D:1      | Reached XP level 3. HP: 20/20 MP: 9/9
  1317 | D:2      | Reached XP level 4. HP: 25/25 MP: 11/11
  1859 | D:3      | Noticed Sigmund
  1865 | D:3      | Killed Sigmund
  1866 | D:3      | Reached skill level 5 in Fire Magic
  1866 | D:3      | Reached XP level 5. HP: 27/29 MP: 13/13
  1919 | D:3      | Noticed Natasha
  1928 | D:3      | Killed Natasha
  1929 | D:3      | Reached XP level 6. HP: 31/34 MP: 14/14
  2017 | D:3      | Noticed Natasha
  2021 | D:3      | Killed Natasha
  2126 | D:3      | Noticed Natasha
  2132 | D:3      | Killed Natasha
  2133 | D:3      | Reached skill level 6 in Fire Magic
  2206 | D:3      | Noticed Ijyb
  2213 | D:3      | Killed Ijyb
  2522 | D:4      | Identified a scroll of acquirement
  2522 | D:4      | Acquired 488 gold pieces
  2607 | D:4      | Slain by a wight

Illustrated notes

Levels and vault maps discovered:
D:1:      dpeg_arrival_signposts, layout_basic
D:2:      layout_basic, minmay_between
D:3:      layout_basic, st_stairs_7, kennysheep_generic_room_16, uniq_natasha,
          uniq_ijyb, uniq_sigmund
D:4:      layout_basic, nicolae_ru_path_of_blood

Skill      XL: |  1  2  3  4  5  6 |
---------------+-------------------+-----
Fighting       | 1 |  1.0
Conjurations   | 2 3 |  3.0
Stealth        | 3 4 |  4.0
Spellcasting   | 4 |  4.0
Fire Magic     | 5 6 |  6.0
Dodging        | 4 |  4.0

Action                     |  1- 3 |  4- 6 || total
---------------------------+-------+-------++-------
  Melee: Unarmed           |     3 |       ||     3
         Dagger            |    37 |    81 ||   118
   Cast: Foxfire           |    20 |       ||    20
    Use: Scroll            |     2 |     5 ||     7
         Potion            |       |     1 ||     1
   Stab: Sleeping          |     6 |     5 ||    11
         Distracted        |     1 |     1 ||     2
 Armour: Robe              |    21 |    35 ||    56
  Dodge: Dodged            |    21 |    47 ||    68
